 Dungeon Crawl Stone Soup version 0.20.0-15-g7f486f2 (webtiles) character file.

116 kae the Insei (level 4, 0/37 HPs)
             Began as a Demonspawn Monk on June 14, 2017.
             Slain by Sigmund
             ... wielding a +0 scythe
              (7 damage)
             ... on level 2 of the Dungeon.
             The game lasted 00:02:10 (1781 turns).

kae the Insei (Demonspawn Monk)                     Turns: 1781, Time: 00:02:11

Health: 0/37       AC:  6    Str: 11    XL:     4   Next: 69%
Magic:  4/4        EV: 13    Int: 12    God:
Gold:   81         SH:  0    Dex: 16    Spells: 3/3 levels left

rFire    . . .     SeeInvis .     - Unarmed
rCold    . . .     Gourm    .   (no shield)
rNeg     . . .     Faith    .   a - +0 robe
rPois    .         Spirit   .   p - +0 helmet
rElec    .         Reflect  .   e - +2 cloak
rCorr    .         Harm     .   (no gloves)
MR       .....                  (no boots)
Stlth    +++.......             (no amulet)
Regen    0.2/turn               (no ring)
MPRegen  0.1/turn               (no ring)

@: no status effects
A: nightstalker 1
a: no special abilities


You were on level 2 of the Dungeon.
You were not hungry.

You visited 1 branch of the dungeon, and saw 2 of its levels.

You collected 81 gold pieces.

Inventory:

Armour
 a - a +0 robe (worn)
 e - a +2 cloak (worn)
 p - a +0 helmet (worn)
Scrolls
 c - a scroll of teleportation {unknown}
 d - 2 scrolls of amnesia {unknown}
 i - a scroll of fog {unknown}
 k - a scroll of enchant weapon {unknown}
 m - 2 scrolls of remove curse {unknown}
 n - a scroll of fear {unknown}
Potions
 g - a potion of brilliance
Comestibles
 b - a bread ration
 f - 3 chunks of flesh
 h - a fruit
 o - 2 meat rations


   Skills:
 + Level 3.8 Fighting
 - Level 2.6 Dodging
 - Level 1.7 Stealth
 * Level 4.4 Unarmed Combat


You had 3 spell levels left.
You didn't know any spells.

Dungeon Overview and Level Annotations

Branches:
Dungeon (2/15)

Altars:

Annotations:
D:2 Sigmund


Innate Abilities, Weirdness & Mutations

You are slightly more attuned to the shadows.


Message History

You are poisoned.
The adder poisons you!
You hit the adder.
The adder is almost dead.
You feel sick. The bat completely misses you. The adder closely misses you.
Something hits you.
* * * LOW HITPOINT WARNING * * *
You feel better. The bat barely misses you. The adder barely misses you.
Something hits you!
* * * LOW HITPOINT WARNING * * *
The adder bites you but does no damage.
You hit the adder but do no damage.
The adder is almost dead.
The bat closely misses you. The bat hits you.
* * * LOW HITPOINT WARNING * * *
The adder barely misses you.
You closely miss the adder.
The adder is almost dead.
The bat hits you but does no damage. x2; Something hits you!
You die...

###.### #...# #.### .#.# ##.#.#
...#.##### #..#.....#
################..#####..
............gb@S...........>#..
........####{#####......#####..
....... #.# #......##.....
.@.... #g# #.......#.##..
#...#####.# #..##+#)#'##..
#........{# #.....#.......
#..####.#####.###.##......
#(.## #.....#.# #.##......
#...# #.###.#.# #.........


You could see an adder, a goblin and a bat.

Vanquished Creatures
  Jessica (D:2)
  Natasha (twice) (D:2)
  An adder (D:2)
  An ooze (D:2)
  3 leopard geckos (D:1)
  2 bats (D:1)
  2 giant cockroaches
  5 hobgoblins
  A ball python (D:2)
  4 goblins
  4 kobolds
  A rat (D:1)
27 creatures vanquished.

Notes
Turn   | Place    | Note
-------+----------+-------------------------------------------
     0 | D:1      | kae the Demonspawn Monk began the quest for the Orb.
     0 | D:1      | Reached XP level 1. HP: 18/18 MP: 1/1
   546 | D:1      | Reached skill level 3 in Unarmed Combat
   628 | D:1      | Gained mutation: You are slightly more attuned to the shadows. [demonic ancestry]
   628 | D:1      | Reached XP level 2. HP: 24/24 MP: 2/2
  1097 | D:2      | Noticed Jessica
  1099 | D:2      | Noticed Natasha
  1288 | D:2      | Reached XP level 3. HP: 24/29 MP: 3/3
  1410 | D:2      | Killed Natasha
  1410 | D:2      | Reached skill level 4 in Unarmed Combat
  1414 | D:2      | Killed Jessica
  1414 | D:2      | Reached XP level 4. HP: 18/36 MP: 4/4
  1465 | D:2      | Noticed Natasha
  1480 | D:2      | Killed Natasha
  1731 | D:2      | Noticed Sigmund
  1781 | D:2      | Slain by Sigmund

Skill      XL: |  1  2  3 |
---------------+----------+-----
Unarmed Combat | 3 4 |  4.4
Fighting       | |  3.8
Dodging        | |  2.6
Stealth        | |  1.7

Action                   |  1- 3 |  4- 6 || total
-------------------------+-------+-------++-------
Melee: Unarmed           |    87 |    34 ||   121
  Use: Potion            |     4 |     1 ||     5
 Stab: Sleeping          |     4 |       ||     4
  Eat: Chunk             |     1 |     2 ||     3
Armor: Robe              |    16 |    34 ||    50
Dodge: Dodged            |    53 |    52 ||   105
